 Dungeon Crawl Stone Soup version 0.25-a0-404-gc1b5a34 (webtiles) character file.

Game seed: 16531861279158470755, levelgen mode: deterministic

7 Firecrotchwizard the Skirmisher (level 2, -1/32 HPs)
             Began as an Ogre Berserker on Jan 12, 2020.
             Was a Follower of Trog.
             Slain by an ooze (2 damage)
             ... on level 1 of the Dungeon.
             The game lasted 00:00:20 (24 turns).

Firecrotchwizard the Skirmisher (Ogre Berserker)      Turns: 24, Time: 00:00:21

Health: -1/32      AC:  3    Str: 20    XL:     2   Next: 0%
Magic:  2/2        EV: 10    Int:  8    God:    Trog [*.....]
Gold:   0          SH:  0    Dex:  8    Spells: 1/1 levels left

rFire    . . .     SeeInvis .   a - +0 mace
rCold    . . .     Gourm    .   (no shield)
rNeg     . . .     Faith    .   b - +0 animal skin
rPois    .         Spirit   .   (helmet restricted)
rElec    .         Reflect  .   (no cloak)
rCorr    .         Harm     .   (gloves unavailable)
MR       .....                  (boots unavailable)
Stlth    +.........             (no amulet)
HPRegen  0.10/turn              (no ring)
MPRegen  0.08/turn              (no ring)

@: no status effects
A: large, unfitting armour, tough skin 1
a: Berserk, Renounce Religion


You were on level 1 of the Dungeon.
You worshipped Trog.
Trog was aware of your devotion.
You were not hungry.

You visited 1 branch of the dungeon, and saw 1 of its levels.

Inventory:

Hand Weapons
 a - a +0 mace (weapon)
Armour
 b - a +0 animal skin (worn)
Comestibles
 c - a ration


   Skills:
 + Level 4.1 Fighting
 * Level 2.9 Maces & Flails
 + Level 2.8 Dodging


You had one spell level left.
You didn't know any spells.
Your spell library was empty.

Dungeon Overview and Level Annotations

Branches:
Dungeon (1/15)

Altars:


Innate Abilities, Weirdness & Mutations

You are too large for most types of armour.
You have tough skin. (AC +1)


Message History

Welcome, Firecrotchwizard the Ogre Berserker.
The bosom of this dungeon contains the legendary artefact, the Orb of Zot.
Trog says: Kill them all!
Found a robe.
Found a staircase leading out of the dungeon.
A frilled lizard, a ball python and a jackal come into view.
The jackal barks!
The frilled lizard hisses angrily.
You hear a bark!
Found an escape hatch in the floor.
There are monsters nearby!
A rat comes into view. x2
You hit the ball python.
You kill the ball python!
Trog accepts your kill.
You barely miss the frilled lizard. The frilled lizard misses you.
An ooze comes into view.
The ooze quivers.
You hit the frilled lizard.
You kill the frilled lizard!
Trog accepts your kill. The jackal closely misses you.
You hit the jackal but do no damage. The rat bites you but does no damage.
The jackal bites you but does no damage.
A jackal comes into view.
The jackal bites you.
You take 2 damage, and have 22/24 hp.
You barely miss the rat.
A jackal comes into view.
The jackal misses you. The rat barely misses you.
The rat bites you but does no damage.
The jackal barks!
You sock the rat!
You kill the rat!
Trog accepts your kill.
You hear an angry hiss.
The jackal bites you but does no damage.
The jackal misses you. The rat barely misses you.
You miss the jackal.
The jackal bites you but does no damage.
The rat bites you but does no damage.
You miss the jackal. The rat barely misses you.
The jackal barely misses you. x2
You hit the jackal but do no damage. The jackal misses you. The rat bites you.
The jackal bites you.
The jackal bites you but does no damage. x2
The rat barely misses you.
You take 2 damage, and have 21/24 hp.
You thump the jackal!
You kill the jackal!
Trog accepts your kill. The jackal closely misses you. The jackal bites you.
The jackal barely misses you. The jackal bites you.
The rat completely misses you.
You take 3 damage, and have 18/24 hp.
You are too injured to fight recklessly!
You are too injured to fight recklessly!
You closely miss the jackal. The jackal bites you.
The jackal closely misses you. The rat barely misses you.
The jackal closely misses you. The jackal barely misses you.
You take 3 damage, and have 15/24 hp.
You thump the jackal!
You kill the jackal!
Trog accepts your kill. The jackal closely misses you.
The rat barely misses you. The jackal closely misses you.
The rat barely misses you.
The jackal bites you but does no damage.
You barely miss the jackal. The jackal barely misses you.
The jackal closely misses you.
You closely miss the jackal. The jackal bites you. x2
You take 4 damage, and have 11/24 hp.
You barely miss the jackal. The jackal bites you.
The jackal bites you but does no damage.
You take 1 damage, and have 10/24 hp.
You closely miss the jackal. The jackal bites you. The ooze hits you.
The jackal barely misses you.
You take 1 damage, and have 9/24 hp.
You closely miss the jackal. The jackal closely misses you.
The ooze closely misses you.
You hit the jackal.
You kill the jackal!
Trog accepts your kill. The ooze hits you.
* * * LOW HITPOINT WARNING * * *
You take 2 damage, and have 7/24 hp.
You completely miss the rat.
The ooze jiggles.
The ooze hits you.
* * * LOW HITPOINT WARNING * * *
The rat bites you.
* * * LOW HITPOINT WARNING * * *
The ooze hits you.
* * * LOW HITPOINT WARNING * * *
You take 6 damage, and have 1/24 hp.
MASSIVE DAMAGE!!
You sock the rat!
You kill the rat!
Trog accepts your kill.
You have reached level 2!
The ooze hits you.
You die...

..# .. ..# ...
..##.# ### .....
##.##...#
###†††...!#.#.
..##>#<#..##J......
.........†.†@.....#
...........###....#
########...... ...#
#............
#........# ###
#.....[...
#........#
#........#


You could see an ooze.

Vanquished Creatures
  3 jackals (D:1)
  A ball python (D:1)
  A frilled lizard (D:1)
  2 rats (D:1)
7 creatures vanquished.

Notes
Turn   | Place    | Note
-------+----------+-------------------------------------------
     0 | D:1      | Firecrotchwizard the Ogre Berserker began the quest for the
                  | Orb.
     0 | D:1      | Reached XP level 1. HP: 24/24 MP: 1/1
    23 | D:1      | HP: 6/24 [ooze (1)]
    23 | D:1      | HP: 1/24 [ooze (3)]
    24 | D:1      | Reached XP level 2. HP: 1/32 MP: 2/2
    24 | D:1      | Slain by an ooze

Levels and vault maps discovered:
D:1:      onia_arrival_handbag, layout_basic

Action                   || total
-------------------------++-------
Melee: Mace              ||    20
Armor: Animal skin       ||    10
Dodge: Dodged            ||    27

Table legend:
 A = Non-vault XP
 B = Vault XP
 C = Vault XP percentage of total XP
 D = Non-vault monster count
 E = Vault monster count
 F = Vault count percentage of total count
                 A         B        C        D         E       F
            +---------+---------+-------+---------+---------+-------
      Total |       9 |       1 |  10.0 |       6 |       1 |  14.3
            +---------+---------+-------+---------+---------+-------
        D:1 |       9 |       1 |  10.0 |       6 |       1 |  14.3
            +---------+---------+-------+---------+---------+-------

Levels and vault maps discovered:
D:1:      onia_arrival_handbag, layout_basic

Table legend:
 A = Turns spent in this place as a percentage of turns spent in the entire game.
 B = Non-inter-level travel turns spent in this place as a percentage of non-inter-level travel turns spent in the entire game.
 C = Inter-level travel turns spent in this place as a percentage of turns spent in this place.
 D = Turns resting spent in this place as a percentage of non-inter-level travel turns spent in this place.
 E = Turns spent auto-exploring this place as a percentage of non-inter-level travel turns spent in this place.
 F = Non-inter-level travel turns spent in this place divided by the number of levels of this place that you've seen.
                   A       B       C       D       E      F
               +-------+-------+-------+-------+-------+----------------------
         Total | 100.0 | 100.0 |   0.0 |   0.0 |   0.0 |  24.0
       Dungeon | 100.0 | 100.0 |   0.0 |   0.0 |   0.0 |  24.0
               +-------+-------+-------+-------+-------+----------------------

Table legend:
 A = Kills in this place as a percentage of kills in entire the game.
 B = Kills by you in this place as a percentage of kills by you in the entire game.
 C = Kills by friends in this place as a percentage of kills by friends in the entire game.
 D = Other kills in this place as a percentage of other kills in the entire game.
 E = Experience gained in this place as a percentage of experience gained in the entire game.
 F = Experience gained in this place divided by the number of levels of this place that you have seen.
                   A       B       C       D       E      F
               +-------+-------+-------+-------+-------+----------------------
         Total | 100.0 | 100.0 |   N/A |   N/A | 100.0 |  10.0
       Dungeon | 100.0 | 100.0 |   N/A |   N/A | 100.0 |  10.0
               +-------+-------+-------+-------+-------+----------------------
